 Dungeon Crawl Stone Soup version 0.30-a0-292-g0f741e3f8e (webtiles) character file.

Game seed: 15603630573399318334

163060 scionoferis the Gelid (level 18, -10/120 HPs)
             Began as a Human Earth Elementalist on Oct 17, 2022.
             Was the Champion of Hepliaklqana.
             Engulfed by a cloud of freezing vapour (43 damage)
             ... on level 2 of the Swamp.
             The game lasted 02:48:32 (37315 turns).

scionoferis the Gelid (Human Earth Elementalist)   Turns: 37315, Time: 02:48:33

Health: -10/120    AC: 14    Str: 12    XL:     18   Next: 45%
Magic:  2/52       EV: 16    Int: 28    God:    Hepliaklqana [******]
Gold:   1143       SH:  0    Dex: 18    Spells: 13/42 levels left

rFire   . . .      SeeInvis +    a - +8 war axe of Destruction {elec, MP+9 Str+3 Int+6}
rCold   . . .      Faith    .    (no shield)
rNeg    . . .      Spirit   .    P - +3 leather armour of the Land of Plenty {Fly Regen+ SInv}
rPois   .          Reflect  .    h - +2 helmet
rElec   .          Harm     .    J - scarf {shadows}
rCorr   .          Rampage  .    k - +1 pair of gloves {Dex+3}
Will    ++...                    z - +0 pair of boots
Stlth   ++........               e - amulet of the acrobat
HPRegen 1.20/turn                E - ring of magical power
MPRegen 0.33/turn                f - ring of willpower

@: flying, very slightly contaminated, studying Ranged Weapons
A: reduced essence
a: Renounce Religion, Recall Ancestor, Ancestor Identity, Transference, Idealise


You were on level 2 of the Swamp.
You worshipped Hepliaklqana.
Hepliaklqana was exalted by your worship.
You visited 6 branches of the dungeon, and saw 28 of its levels.
You visited 1 bazaar.

You collected 2791 gold pieces.
You spent 1648 gold pieces at shops.

Inventory:

Hand Weapons
 a - the +8 war axe of Destruction (weapon) {elec, MP+9 Str+3 Int+6}
   (You bought it in a shop on level 2 of the Orcish Mines)

   It occasionally discharges a powerful burst of electricity upon striking a
   foe.
   Str:       It affects your strength (+3).
   Int:       It affects your intelligence (+6).
   MP:        It affects your magic capacity (+9).
 m - the +4 whip of Duty {spect, *Slow rF++ Str+2 Dex+4}
   (You found it on level 3 of the Dungeon)

   When its wielder attacks, the weapon's spirit leaps out and strikes again.
   The spirit shares a part of any damage it takes with its wielder.
   Str:       It affects your strength (+2).
   Dex:       It affects your dexterity (+4).
   rF:        It greatly protects you from fire.
   *Slow:     It may slow you when you take damage.
 t - the +9 hammer of Departure {vorpal, rN+++ Str-2 SInv}
   (You found it on level 7 of the Dungeon)

   It inflicts extra damage upon your enemies.
   Str:       It affects your strength (-2).
   rN:        It renders you almost immune to negative energy.
   SInv:      It lets you see invisible.
Missiles
 d - 49 poisoned darts
 j - 9 javelins
 y - 20 boomerangs (quivered)
 F - 4 throwing nets
 R - 7 curare-tipped darts
Armour
 h - a +2 helmet (worn)
 i - the +2 leather armour of Arcadian Lucidity {Rampage rPois Int-2 Dex+2}
   (You bought it in a shop in a bazaar)

   Int:       It affects your intelligence (-2).
   Dex:       It affects your dexterity (+2).
   rPois:     It protects you from poison.
   Rampage:   It bestows one free step when moving towards enemies.
 k - a +1 pair of gloves of dexterity (worn)
 z - a +0 pair of boots (worn)
 J - a scarf of shadows (worn)
 P - the +3 leather armour of the Land of Plenty (worn) {Fly Regen+ SInv}
   (You found it on level 4 of the Lair of Beasts)

   SInv:      It lets you see invisible.
   Fly:       It grants you flight.
   Regen:     It increases your rate of health regeneration.
Magical Staves
 q - a staff of poison
 K - a staff of conjuration
 N - a staff of air
Jewellery
 c - the ring "Puikly" {+Blink Int+2 Slay+4 Stlth-}
   (You found it on level 5 of the Lair of Beasts)

   [ring of slaying]

   Int:       It affects your intelligence (+2).
   Slay:      It affects your accuracy & damage with ranged weapons and melee
   (+4).
   +Blink:    It lets you blink.
   Stlth:     It makes you less stealthy.
 e - an amulet of the acrobat (around neck)
 f - a ring of willpower (right hand)
 E - a ring of magical power (left hand)
 I - a ring of fire
Wands
 o - a wand of charming (12)
 x - a wand of quicksilver (9)
 B - a wand of iceblast (31)
 G - a wand of mindburst (4)
 X - a wand of flame (41)
Scrolls
 r - 4 scrolls of fear
 s - 16 scrolls of teleportation
 u - a scroll of enchant weapon
 C - 6 scrolls of blinking
 D - a scroll of summoning
 H - 3 scrolls of magic mapping
 M - 4 scrolls of butterflies
 T - 7 scrolls of identify
Potions
 b - 2 potions of magic
 g - 6 potions of curing
 l - a potion of invisibility
 n - a potion of haste
 p - 2 potions of resistance
 A - 11 potions of heal wounds
 L - 5 potions of brilliance
 S - 2 potions of flight
Miscellaneous
 w - a lightning rod (4/4)
 O - a box of beasts


   Skills:
 - Level 10.0 Fighting
 + Level 8.6 Armour
 + Level 7.5 Dodging
 - Level 2.0 Stealth
 + Level 12.5 Spellcasting
 + Level 10.2 Conjurations
 - Level 3.0 Translocations
 - Level 1.0 Transmutations
 * Level 19.0 Ice Magic
 - Level 4.0 Air Magic
 + Level 10.2 Earth Magic
 + Level 7.7 Invocations


You had 13 spell levels left.
You knew the following spells:

 Your Spells              Type           Power      Damage    Failure   Level
a - Sandblast             Erth           100%       2d20      1%          1
b - Stone Arrow           Conj/Erth      100%       3d13      1%          3
c - Ozocubu's Refrigerat  Ice            45%        4d17      1%          7
d - Lee's Rapid Deconstr  Erth           33%        3d17*     1%          5
e - Freezing Cloud        Conj/Ice/Air   34%        6-21      1%          5
f - Blink                 Tloc           68%        N/A       1%          2
g - Iron Shot             Conj/Erth      33%        9d7       9%          6

Your spell library contained the following spells:

 Spells                   Type           Power      Damage    Failure   Level
 Freeze                   Ice            100%       1d10      0%          1
 Frozen Ramparts          Ice            100%       1d16      0%          3
 Magic Dart               Conj           100%       1d8       1%          1
 Passwall                 Tmut/Erth      40%        N/A       1%          2
 Dazzling Flash           Conj/Hex       92%        N/A       1%          3
 Hailstorm                Conj/Ice       79%        3d16      1%          3
 Mephitic Cloud           Conj/Pois/Air  44%        N/A       1%          3
 Ice Form                 Ice/Tmut       65%        N/A       1%          4
 Beastly Appendage        Tmut           46%        N/A       2%          1
 Summon Small Mammal      Summ           68%        N/A       3%          1
 Wereblood                Tmut           23%        N/A       3%          2
 Petrify                  Tmut/Erth      49%        N/A       3%          4
 Kindle Blastsparks       Fire/Tloc/Air  60%        2d15      4%          3
 Leda's Liquefaction      Hex/Erth       23%        N/A       4%          4
 Sticky Flame             Conj/Fire      46%        2d6       4%          4
 Call Imp                 Summ           17%        N/A       6%          2
 Ignite Poison            Fire/Tmut/Pois 19%        N/A       10%         3
 Spider Form              Tmut/Pois      20%        N/A       10%         3
 Manifold Assault         Tloc           34%        N/A       11%         4
 Call Canine Familiar     Summ           17%        N/A       12%         3
 Summon Guardian Golem    Hex/Summ       17%        N/A       12%         3
 Simulacrum               Ice/Necr       31%        N/A       12%         6
 Anguish                  Hex/Necr       8%         N/A       36%         4
 Olgreb's Toxic Radiance  Pois           17%        N/A       36%         4
 Silence                  Hex/Air        14%        N/A       43%         5
 Summon Forest            Summ/Tloc      12%        N/A       50%         5
 Statue Form              Tmut/Erth      32%        N/A       50%         6
 Agony                    Necr           17%        N/A       71%         5
 Polar Vortex             Ice            45%        N/A       83%         9
 Dispersal                Tloc           17%        N/A       86%         6
 Eringya's Noxious Bog    Tmut/Pois      10%        N/A       99%         6
 Enfeeble                 Hex            8%         N/A       100%        7
 Storm Form               Tmut/Air       15%        N/A       100%        7
 Summon Hydra             Summ           8%         N/A       100%        7
 Disjunction              Tloc           17%        N/A       100%        8
 Ignition                 Fire           8%         3d5       100%        8


Dungeon Overview and Level Annotations

Branches:
Dungeon (14/15)            Temple (1/1) D:4            Lair (5/5) D:11
  Swamp (2/4) Lair:2        Snake (4/4) Lair:3        Slime (0/5) Lair:4
    Orc (2/2) D:12            Elf (0/3) Orc:2        Vaults (0/5) D:14

Altars:
Ashenzari
Cheibriados
Dithmenos
Elyvilon
Fedhas
Gozag
Hepliaklqana
Kikubaaqudgha
Makhleb
Nemelex Xobeh
Okawaru
Qazlal
Ru
Sif Muna
Trog
Uskayaw
Vehumet
Wu Jian
Xom
Yredelemnul
Zin
The Shining One
Jiyva

Shops:
D:1 =   Orc:2 (**?

Annotations:
Snake:3 1 runed translucent door, Iusername's ghost, adept MiFi
Snake:4 Louise


Message History

The eleionoma touches a tree and draws upon its vitality.
The eleionoma is healed.
The tyrant leech is engulfed in freezing vapours.
The tyrant leech bites you but does no damage.
Casting: Ozocubu's Refrigeration (dangerous; 1% risk of failure)
Confirm with . or Enter, or press ? or * to list all spells.
Aiming: Iron Shot (dangerous; 14% risk of failure)
Press: ? - help, Shift-Dir - straight line, f - eleionoma, p - tyrant leech
Aim: an eleionoma (freezing vapour, moderately wounded, ally target, 71% to hit)
The iron shot hits the tyrant leech!!
You kill the tyrant leech!
You are engulfed in freezing vapours.
Eris hits the eleionoma with a +0 quarterstaff!!
The bog body is engulfed in freezing vapours.
A bog body comes into view.
The eleionoma is engulfed in freezing vapours.
Casting: Iron Shot (dangerous; 14% risk of failure)
Confirm with . or Enter, or press ? or * to list all spells.
Aiming: Iron Shot (dangerous; 14% risk of failure)
Press: ? - help, Shift-Dir - straight line, f/p - eleionoma
Aim: an eleionoma (freezing vapour, severely wounded, ally target, 71% to hit)
You miscast Iron Shot.
You are very lightly contaminated with residual magic.
A wave of violent energy washes through your body!!
Eris hits the eleionoma with a +0 quarterstaff!!
The bog body casts a spell at you. The bolt of cold hits you!!
Casting: Iron Shot (dangerous; 14% risk of failure)
Confirm with . or Enter, or press ? or * to list all spells.
You don't have enough magic to cast this spell.
Unknown command.
You feel stronger.
You feel clever.
You hear the crackle of electricity.
a - the +8 war axe of Destruction (weapon)
{elec, MP+9 Str+3 Int+6} You are engulfed in freezing vapours.
* * * LOW HITPOINT WARNING * * *
You hit the bog body.
You destroy the bog body!
You are engulfed in freezing vapours.
You die...

.....♣ ♣♣.
~~~~~~.♣♣♣♣.♣♣
~~.§>~~..~.~~♣
~~~~.~~~~°.~♣
~~~~†~♣~°~§.♣
.n~<§♣~°~~~~♣
~~§~R§@§~~♣.♣
.§♣§R)...[♣.♣♣
~§§§§♣♣♣♣~~..♣
.§~§§ ♣~~~~♣♣
~§~§ ♣.~~~§♣ ♣
~~§§ ♣♣..♣.♣♣♣.~♣
. .<~ ♣.~...♣
.~~♣ .
♣♣~~.~.♣♣♣~~♣ ♣♣.
♣~~~.~~.♣♣..♣♣♣.♣


You could see the friendly Eris the battlemage, an eleionoma (ally target) and a
bog body.

Vanquished Creatures
  Vashnia (Snake:3)
  Asterion (Snake:3)
  Frances (D:14)
  Roxanne (Swamp:1)
  A tengu reaver (D:14)
  An orc warlord (Orc:1)
  An eleionoma (Swamp:1)
  Azrael (Snake:3)
  An ettin (D:14)
  A fire dragon (Lair:5)
  A yaktaur captain (D:14)
  Harold (Lair:2)
  4 ogre magi
  9 hydras
  4 salamander tyrants
  A ghost crab (Swamp:1)
  3 anacondas
  6 centaur warriors
  15 two-headed ogres
  2 catoblepae
  3 boulder beetles (D:13)
  4 naga warriors
  3 death yaks (D:11)
  A tengu warrior (D:14)
  9 naga sharpshooters
  4 shock serpents
  3 goliath frogs (Swamp:1)
  A spriggan druid (Swamp:2)
  4 bog bodies
  2 naga ritualists (Snake:2)
  3 wizards (D:14)
  5 mana vipers
  2 deep elf pyromancers (D:14)
  A swamp dragon (Lair:5)
  6 orc knights
  7 cyclopes
  6 ugly things (D:14)
  2 oklob plants (Lair:4)
  3 manticores (D:14)
  3 orc sorcerers
  14 salamanders
  34 black mambas
  7 naga magi
  2 guardian serpents (Snake:3)
  7 elephants
  A gargoyle (D:14)
  6 cane toads
  4 komodo dragons
  An unseen horror (D:11)
  5 rime drakes
  A yaktaur (D:14)
  2 tengu conjurers (D:14)
  A queen bee (Lair:2)
  3 efreet
  A tyrant leech (Swamp:2)
  6 trolls
  A hornet (D:11)
  8 slime creatures
  A dream sheep (Lair:4)
  A vampire (D:10)
  A wraith (D:14)
  4 wyverns
  2 basilisks
  19 yaks
  4 shadows
  3 fire elementals (Snake:3)
  Grum (D:9)
  4 vampire mosquitoes
  3 steam dragons
  7 wargs
  5 swamp worms
  Edmund (D:6)
  19 nagas
  An acid dragon (Lair:5)
  12 water moccasins
  A hell hound (Snake:3)
  2 swamp drakes
  20 orc warriors
  2 ice beasts (D:7)
  2 black bears (D:7)
  13 centaurs
  24 ogres
  9 wolves
  3 phantoms
  4 kobold brigands
  8 bullfrogs
  A necrophage (D:6)
  2 gnoll sergeants
  2 scorpions (D:7)
  5 wights (D:8)
  28 killer bees
  3 howler monkeys (D:11)
  6 electric eels (D:8)
  2 hounds
  Crazy Yiuf (D:7)
  14 orc priests
  3 iguanas (D:5)
  14 orc wizards
  8 hell rats
  15 gnolls
  7 adders
  A white imp (D:6)
  5 dart slugs
  67 orcs
  7 ball pythons
  9 bats
  9 endoplasms
  2 giant cockroaches
  6 goblins
  10 hobgoblins
  7 jackals
  3 quokkas
  5 frilled lizards
  15 kobolds
  6 rats
  A starspawn tentacle (Swamp:1)
672 creatures vanquished.

Vanquished Creatures (collateral kills)
  Mlioglotl (Lair:2)
  A tengu reaver (D:14)
  Aizul (Snake:3)
  An ettin (D:14)
  2 centaur warriors (D:14)
  A hydra (Swamp:1)
  3 anacondas
  2 ogre magi
  A death yak (Lair:4)
  2 boulder beetles
  3 naga warriors
  The ghost of lunkers the Slicer, a novice AtRe of Hepliaklqana (Lair:1)
  An alligator (Swamp:2)
  4 two-headed ogres
  A shock serpent (Snake:1)
  A salamander mystic (Snake:2)
  A naga ritualist (Snake:1)
  4 orc knights
  A phantasmal warrior (D:14)
  3 ugly things
  A cyclops (D:14)
  2 salamanders
  2 elephants (Lair:5)
  2 naga magi
  6 black mambas
  A torpor snail (Lair:5)
  Maurice (Orc:1)
  6 cane toads
  A gargoyle (D:12)
  2 rime drakes
  2 unseen horrors
  4 komodo dragons
  A yaktaur (D:14)
  A tengu conjurer (D:14)
  2 polar bears (Lair:5)
  6 trolls
  A tyrant leech (Swamp:1)
  2 hornets
  3 slime creatures
  2 wyverns
  10 yaks
  A basilisk (Lair:1)
  A wraith (D:11)
  7 vampire mosquitoes
  A steam dragon (Lair:5)
  3 swamp worms (Swamp:1)
  2 wargs
  5 nagas
  8 water moccasins
  2 acid dragons
  A hell hound (Snake:3)
  4 orc warriors
  A black bear (D:8)
  2 ogres (Orc:2)
  5 wolves
  A bullfrog (shapeshifter) (D:14)
  4 bullfrogs
  A gnoll sergeant (D:11)
  6 killer bees
  3 orc priests
  5 orc wizards
  A hell rat (D:11)
  5 gnolls
  25 orcs
  3 kobolds
  2 rats (D:11)
192 creatures vanquished.

Vanquished Creatures (others)
  A hornet (D:9)
  20 battlemagi
  4 ancestors
  A bush (Lair:2)
  20 fungi
  52 plants
  A starspawn tentacle (Swamp:1)
99 creatures vanquished.

Grand Total: 963 creatures vanquished

Notes
Turn   | Place    | Note
-------+----------+-------------------------------------------
     0 | D:1      | scionoferis the Human Earth Elementalist began the quest
                  | for the Orb.
     0 | D:1      | Reached XP level 1. HP: 13/13 MP: 3/3
   188 | D:1      | Reached XP level 2. HP: 15/20 MP: 5/5
   285 | D:1      | Found Ysak's Jewellery Boutique.
   416 | D:1      | You fall into a shaft and drop 1 floor!
   440 | D:2      | Reached skill level 1 in Fighting
   440 | D:2      | Reached XP level 3. HP: 15/26 MP: 6/6
   488 | D:2      | Learned a level 3 spell: Stone Arrow
   889 | D:2      | Reached skill level 1 in Conjurations
   896 | D:2      | Reached XP level 4. HP: 29/32 MP: 5/7
  1692 | D:3      | Reached XP level 5. HP: 37/37 MP: 6/8
  1823 | D:3      | Found a snail-covered altar of Cheibriados.
  1928 | D:3      | Found a glowing silver altar of Zin.
  1935 | D:3      | Identified the +4 whip of Duty {spect, *Slow rF++ Str+2
                  | Dex+4}
  2022 | D:3      | Found a broken altar of Ashenzari.
  2273 | D:4      | Found a staircase to the Ecumenical Temple.
  2287 | Temple   | Entered the Ecumenical Temple
  2487 | Temple   | Became a worshipper of Hepliaklqana the Forgotten
  2891 | D:4      | Reached XP level 6. HP: 43/43 MP: 10/10
  2947 | D:5      | Entered Level 5 of the Dungeon
  3002 | D:5      | Reached * piety under Hepliaklqana
  3012 | D:5      | Noticed an ogre
  3017 | D:5      | Killed an ogre
  3018 | D:5      | Reached skill level 5 in Earth Magic
  3196 | D:5      | Noticed an orc warrior
  3384 | D:5      | Noticed an ogre
  3388 | D:5      | Killed an ogre
  3389 | D:5      | Reached XP level 7. HP: 43/43 MP: 4/12
  4226 | D:5      | Found a shimmering blue altar of Sif Muna.
  4386 | D:5      | Reached XP level 8. HP: 48/48 MP: 6/13
  4586 | D:5      | Reached skill level 5 in Conjurations
  5608 | D:6      | Reached skill level 1 in Armour
  5729 | D:6      | Found a stormy altar of Qazlal.
  5733 | D:6      | Noticed Edmund
  5738 | D:6      | Killed Edmund
  5839 | D:6      | Found an ornate altar of the Wu Jian Council.
  6017 | D:6      | Reached XP level 9. HP: 55/55 MP: 5/15
  6288 | D:7      | Found a basalt altar of Yredelemnul.
  6787 | D:7      | Reached skill level 5 in Spellcasting
  6903 | D:7      | Reached ** piety under Hepliaklqana
  6904 | D:7      | Remembered your ancestor Eris as a battlemage
  6920 | D:7      | Killed an unseen horror
  6942 | D:7      | Noticed a troll
  7028 | D:7      | Noticed a two-headed ogre
  7033 | D:7      | Killed a two-headed ogre
  7034 | D:7      | Reached XP level 10. HP: 64/64 MP: 1/18
  7870 | D:7      | Found a runed translucent door.
  7871 | D:7      | Noticed Crazy Yiuf
  7876 | D:7      | Killed Crazy Yiuf
  7887 | D:7      | Identified the +9 hammer of Departure {vorpal, rN+++ Str-2
                  | SInv}
  8333 | D:8      | Reached skill level 5 in Fighting
  8335 | D:8      | Noticed a purple ugly thing
  8339 | D:8      | Killed a purple ugly thing
  9274 | D:8      | Noticed a two-headed ogre
  9280 | D:8      | Killed a two-headed ogre
  9281 | D:8      | Reached skill level 5 in Armour
  9439 | D:8      | Paralysed by a hornet for 3 turns
  9445 | D:8      | Reached XP level 11. HP: 11/72 MP: 7/21
  9658 | D:8      | Found an iron altar of Okawaru.
  9669 | D:8      | Noticed a two-headed ogre
  9673 | D:8      | Killed a two-headed ogre
 10209 | D:8      | Upgraded the game from 0.30-a0-279-g4b46babb21 to
                  | 0.30-a0-292-g0f741e3f8e
 10638 | D:8      | Learned a level 7 spell: Ozocubu's Refrigeration
 10823 | D:9      | Reached skill level 2 in Ice Magic
 11016 | D:9      | Noticed Grum
 11019 | D:9      | Killed Grum
 11020 | D:9      | Reached skill level 3 in Ice Magic
 11552 | D:9      | Reached skill level 4 in Ice Magic
 11681 | D:9      | Reached *** piety under Hepliaklqana
 11755 | D:9      | Reached skill level 5 in Ice Magic
 12187 | D:10     | Entered Level 10 of the Dungeon
 12333 | D:10     | Found a glowing golden altar of the Shining One.
 12426 | D:10     | Reached skill level 6 in Ice Magic
 12505 | D:10     | Learned a level 5 spell: Lee's Rapid Deconstruction
 12879 | D:10     | Found a blossoming altar of Fedhas.
 13135 | D:10     | Found a radiant altar of Vehumet.
 13256 | D:11     | Found a flickering gateway to a bazaar.
 13279 | Bazaar   | Entered a bazaar
 13292 | Bazaar   | Found Yhid's Antique Weapon Emporium.
 13304 | Bazaar   | Found Githas's Antique Weapon Shoppe.
 13317 | Bazaar   | Found Pubbah's Antique Armour Shoppe.
 13317 | Bazaar   | Reached **** piety under Hepliaklqana
 13329 | Bazaar   | Found Puyre's Antique Armour Emporium.
 13362 | Bazaar   | Bought a bloodstained leather armour for 140 gold pieces
 13362 | Bazaar   | Identified the +2 leather armour of Arcadian Lucidity
                  | {Rampage rPois Int-2 Dex+2} (You bought it in a shop in a
                  | bazaar)
 13372 | Bazaar   | Bought a shiny helmet for 180 gold pieces
 13392 | Bazaar   | Bought a pair of runed gloves for 150 gold pieces
 13446 | Bazaar   | Bought a slimy rapier for 243 gold pieces
 13446 | Bazaar   | Identified the +5 rapier of Immorality {vorpal, Drain
                  | +Blink rC+ Will+} (You bought it in a shop in a bazaar)
 13498 | D:11     | Noticed a two-headed ogre
 13498 | D:11     | Noticed a two-headed ogre
 13498 | D:11     | Noticed a catoblepas
 13498 | D:11     | Noticed a boulder beetle
 13498 | D:11     | Noticed a two-headed ogre
 13502 | D:11     | Reached skill level 7 in Ice Magic
 13579 | D:11     | Noticed a death yak
 13585 | D:11     | Killed a death yak
 13586 | D:11     | Reached skill level 8 in Ice Magic
 13586 | D:11     | Reached XP level 12. HP: 81/81 MP: 14/24
 13590 | D:11     | Noticed a death yak
 13591 | D:11     | Noticed a death yak
 13610 | D:11     | Killed a death yak
 13676 | D:11     | Killed a two-headed ogre
 13677 | D:11     | Reached skill level 9 in Ice Magic
 13680 | D:11     | Killed a boulder beetle
 13728 | D:11     | Killed a catoblepas
 13729 | D:11     | Reached skill level 10 in Ice Magic
 13887 | D:11     | Killed a two-headed ogre
 14183 | D:11     | Reached skill level 11 in Ice Magic
 14265 | D:11     | Found a staircase to the Lair.
 14566 | D:11     | Killed a death yak
 14567 | D:11     | Reached skill level 12 in Ice Magic
 15141 | D:12     | Reached XP level 13. HP: 78/86 MP: 10/25
 15481 | D:12     | Learned a level 5 spell: Freezing Cloud
 15657 | D:12     | Reached skill level 13 in Ice Magic
 15789 | D:12     | Found a staircase to the Orcish Mines.
 15839 | D:12     | Reached skill level 1 in Air Magic
 16320 | Lair:1   | Entered Level 1 of the Lair of Beasts
 16944 | Lair:1   | Found a runed translucent door.
 16946 | Lair:1   | Noticed lunkers's ghost (novice AtRe)
 16946 | Lair:1   | Noticed a catoblepas
 16954 | Lair:1   | Killed a catoblepas
 16956 | Lair:1   | Killed lunkers's ghost
 17232 | Lair:2   | Reached skill level 14 in Ice Magic
 17262 | Lair:2   | Found a glowing golden altar of the Shining One.
 17295 | Lair:2   | Reached ***** piety under Hepliaklqana
 17564 | Lair:2   | Noticed Harold
 17567 | Lair:2   | Killed Harold
 17727 | Lair:2   | Reached XP level 14. HP: 54/92 MP: 25/27
 17991 | Lair:2   | Found a staircase to the Swamp.
 19443 | Lair:3   | Reached skill level 15 in Ice Magic
 19833 | Lair:3   | Found a staircase to the Snake Pit.
 19840 | Lair:3   | Reached skill level 10 in Spellcasting
 20137 | Lair:3   | Learned a level 2 spell: Blink
 20751 | Lair:4   | Reached skill level 16 in Ice Magic
 20867 | Lair:4   | Identified the +3 leather armour of the Land of Plenty {Fly
                  | Regen+ SInv}
 20901 | Lair:4   | Found a viscous altar of Jiyva.
 21101 | Lair:4   | Found a staircase to the Slime Pits.
 21504 | Lair:5   | Entered Level 5 of the Lair of Beasts
 22049 | Lair:5   | Reached skill level 1 in Invocations
 22164 | Lair:5   | Identified the +3 chain mail of Peek-a-Boo {MP+9}
 22250 | Lair:5   | Reached ****** piety under Hepliaklqana
 22627 | Lair:5   | Reached XP level 15. HP: 99/99 MP: 9/29
 22840 | Lair:5   | Identified the ring "Puikly" {+Blink Int+2 Slay+4 Stlth-}
 23359 | Orc:1    | Entered Level 1 of the Orcish Mines
 23369 | Orc:1    | Noticed Maurice
 23372 | Orc:1    | Killed Maurice
 23577 | Orc:2    | Entered Level 2 of the Orcish Mines
 23792 | Orc:2    | Reached skill level 17 in Ice Magic
 24113 | Orc:2    | Reached skill level 1 in Translocations
 24311 | Orc:2    | Found Kufifabb's General Store.
 24311 | Orc:2    | Found Berof's Weapon Emporium.
 24311 | Orc:2    | Found Laoneuwu's Magic Scroll Shoppe.
 24311 | Orc:2    | Found Tyegas's Assorted Antiques.
 24581 | Orc:2    | Found a staircase to the Elven Halls.
 24740 | Orc:1    | Noticed an orc warlord
 24747 | Orc:1    | Killed an orc warlord
 25368 | Orc:2    | Bought the +8 war axe of Destruction {elec, MP+9 Str+3
                  | Int+6} for 935 gold pieces
 25548 | Swamp:1  | Entered Level 1 of the Swamp
 25645 | Swamp:1  | Identified Roxanne's Quarto of Kismet
 25645 | Swamp:1  | Noticed Roxanne
 25720 | Swamp:1  | Killed Roxanne
 25721 | Swamp:1  | Reached XP level 16. HP: 80/106 MP: 9/31
 25828 | Swamp:1  | Identified the +2 leather armour of Ephaocuu {Dex+3}
 25866 | Swamp:1  | Noticed Mlioglotl
 25870 | Swamp:1  | Noticed a tentacled starspawn
 26013 | Snake:1  | Entered Level 1 of the Snake Pit
 26123 | Snake:1  | HP: 4/101 [shock serpent/bolt of electricity (23)]
 26741 | Snake:1  | Reached skill level 5 in Dodging
 26761 | Snake:1  | Learned a level 6 spell: Iron Shot
 26968 | Snake:1  | Reached skill level 5 in Invocations
 27619 | Snake:2  | Identified the +1 chain mail of Action {rCorr}
 27768 | Snake:2  | Identified the +1 quarterstaff of Qoumuche {freeze, rPois
                  | Str+2 Int-3 Dex+10}
 27785 | Snake:2  | You fall into a shaft and drop 1 floor!
 27788 | Snake:3  | Found a runed translucent door.
 27791 | Snake:3  | Noticed Iusername's ghost (adept MiFi)
 27941 | Snake:3  | Noticed Aizul
 27950 | Snake:3  | Killed Aizul
 27951 | Snake:3  | Reached skill level 18 in Ice Magic
 28335 | Snake:2  | Reached XP level 17. HP: 97/113 MP: 32/32
 28979 | Snake:3  | Noticed Vashnia
 28979 | Snake:3  | Noticed Azrael
 28983 | Snake:3  | Killed Azrael
 29153 | Snake:3  | Noticed Asterion
 30090 | Snake:3  | Identified the amulet of Retok {Faith Int+3 Slay+3}
 30388 | Snake:3  | Killed Vashnia
 30805 | Snake:3  | Killed Asterion
 31231 | Snake:4  | Entered Level 4 of the Snake Pit
 31240 | Snake:4  | Noticed Louise
 33171 | D:14     | Found a gate to the Vaults.
 33266 | D:14     | Reached skill level 10 in Fighting
 34083 | D:14     | Noticed Frances
 34092 | D:14     | Killed Frances
 34093 | D:14     | Reached XP level 18. HP: 120/120 MP: 6/34
 34421 | D:14     | Reached skill level 10 in Conjurations
 34833 | D:14     | Identified the +9 quarterstaff "Biesas" {chaos, rPois rF++
                  | Dex+4 Stlth-}
 34838 | D:14     | Reached skill level 10 in Earth Magic
 36477 | Lair:2   | Killed Mlioglotl
 36478 | Lair:2   | Reached skill level 19 in Ice Magic
 37315 | Swamp:2  | Engulfed by a cloud of freezing vapour

Illustrated notes

Levels and vault maps discovered:
D:1:      ncdulo_smallfort, layout_rooms, serial_shops,
          nicolae_shop_temple_entry_statues_fountains,
          amcnicky_mini_rare_corridor_liquid
D:2:      layout_rooms, minmay_tripent
D:3:      layout_rooms, amcnicky_altar_gilded,
          mainiacjoe_overflow_large_starburst, minmay_fractal_squares_diagonal_5
D:4:      layout_basic, minmay_temple_entry_overgrown
D:5:      layout_basic, mainiacjoe_overflow_24_doors, minmay_misc_feat_rows
D:6:      layout_basic, nicolae_qazlal_general_emergency,
          pdpol_wu_jian_five_deadly_venoms, uniq_edmund
D:7:      layout_layer_cave, mainiacjoe_overflow_concentric_impassable,
          kb_rosetta, uniq_crazy_yiuf_cottage
D:8:      cheibrodos_two_vegetables, layout_basic,
          mainiacjoe_overflow_six_doors_small
D:9:      layout_loops_ring, uniq_grum
D:10:     layout_long_grid, mainiacjoe_overflow_brackets, fedhas_altar_4,
          kennysheep_little_box, minivault_24, chequers_serial_rivers_large_b,
          minivault_16, hex_tiny, abandoned_shop
D:11:     layout_long_grid, dpeg_lair_monsters, serial_shops,
          bzr_entry_lakeside, minmay_joined_circles
D:12:     layout_basic, hiddenorc1_lemuel
D:13:     layout_roguey
D:14:     layout_loops_corners, david_vaults_2, serial_bayou_ford_a,
          nicolae_rejected_hall, uniq_frances
Temple:   grunt_temple_mini_profane
Lair:1:   wander_river, layout_small_grid, ebering_ghost_inner_flame
Lair:2:   layout_loops_ring, skrybe_swamp_entry_bodies, special_room
          [special_room_bee], basic_altar, serial_bayou_shore_a,
          serial_bayou_shore_b, uniq_harold
Lair:3:   layout_loops_ring, minmay_snake_entry_six_corridors, minmay_holes,
          serial_bayou_shore_b
Lair:4:   layout_hall_layers, minmay_slime_entry_oklob_enclosed,
          hangedman_lair_generics_rect
Lair:5:   guppyfry_lair_end_dragon, layout_layer_cave, minivault_23
Swamp:1:  nicolae_swamp_tree_isthmus, layout_basic_swamp,
          evilmike_swamp_ruin_wall, uniq_roxanne, uniq_mlioglotl
Swamp:2:  layout_falls_marsh, evilmike_swamp_ruin_rubble_1
Snake:1:  layout_cave_pods
Snake:2:  layout_rooms
Snake:3:  layout_onion_interference, ebering_ghost_reflecting_pool,
          serial_bayou_shore_b, grunt_megastairs_2, uniq_vashnia, uniq_azrael,
          uniq_asterion, uniq_aizul
Snake:4:  johnstein_snake_rune_scales, layout_rooms, serial_bayou_shore_b,
          grunt_megastairs_4, uniq_louise, uniq_donald
Orc:1:    layout_diamond_mine, uniq_maurice
Orc:2:    st_orc_ogre_mass, layout_caves, guppyfry_orc_lava_fort

Skill      XL: |  1  2  3  4  5  6  7  8  9 10 11 12 13 14 15 16 17 18 |
---------------+-------------------------------------------------------+-----
Fighting       | 1 2 4 6 7 8 9 10 | 10.0
Conjurations   | 1 2 3 4 6 8 9 10 | 10.2
Earth Magic    | 4 5 6 7 8 9 10 | 10.2
Spellcasting   | 3 4 5 7 8 9 10 11 12 | 12.5
Armour         | 1 3 5 6 7 8 |  8.6
Ice Magic      | 8 12 14 16 17 18 19 | 19.0
Air Magic      | 4 |  4.0
Invocations    | 1 4 6 7 |  7.7
Dodging        | 4 5 7 |  7.5
Translocations | 2 3 |  3.0
Stealth        | |  2.0
Transmutations | |  1.0

Action                   |  1- 3 |  4- 6 |  7- 9 | 10-12 | 13-15 | 16-18 || total
-------------------------+-------+-------+-------+-------+-------+-------++-------
Melee: Dagger            |    12 |       |       |       |       |       ||    12
       Whip              |    79 |    79 |    42 |     2 |       |       ||   202
       Mace              |       |       |       |    34 |    50 |       ||    84
       Punch             |       |       |       |       |     2 |       ||     2
       Staff             |       |       |       |       |     1 |     4 ||     5
       War axe           |       |       |       |       |       |    26 ||    26
Throw: Dart              |       |     2 |    13 |    18 |     3 |     4 ||    40
       Boomerang         |       |       |    18 |     5 |       |     2 ||    25
       Javelin           |       |       |     1 |       |       |       ||     1
 Cast: Sandblast         |     5 |    32 |    19 |    27 |    15 |       ||    98
       Stone Arrow       |       |     5 |    63 |   198 |   241 |    23 ||   530
       Freezing Cloud    |       |       |       |       |   103 |    88 ||   191
       Lee's Rapid Decon |       |       |       |       |    20 |       ||    20
       Ozocubu's Refrige |       |       |       |       |    46 |   147 ||   193
       Blink             |       |       |       |       |     3 |     1 ||     4
       Iron Shot         |       |       |       |       |       |    43 ||    43
Invok: Ancestor Identity |       |     1 |     2 |       |       |       ||     3
       Ancestor Life: Ba |       |       |     1 |       |       |       ||     1
       Recall Ancestor   |       |       |       |     3 |     5 |     9 ||    17
       Transference      |       |       |       |       |     1 |     1 ||     2
 Abil: Evoke Blink       |       |       |       |       |     3 |       ||     3
Evoke: Wand              |       |     1 |       |    11 |       |     2 ||    14
  Use: Scroll            |       |    11 |     4 |     8 |     4 |     2 ||    29
       Potion            |       |       |       |     2 |       |       ||     2
 Stab: Sleeping          |     1 |     3 |       |       |       |       ||     4
       Distracted        |       |       |       |     1 |     1 |     1 ||     3
Armor: Robe              |    15 |    17 |     3 |       |       |       ||    35
       Leather armour    |       |       |     3 |       |    22 |    40 ||    65
       Ring mail         |       |       |     7 |       |       |       ||     7
       Steam dragon scal |       |       |       |    49 |    40 |       ||    89
Dodge: Dodged            |    67 |    63 |    30 |    64 |    84 |    80 ||   388
Block: Buckler           |       |       |       |    18 |       |       ||    18

Table legend: (Time is in decaauts)
 A = Elapsed time spent in this place.
 B = Non-inter-level travel time spent in this place.
 C = Inter-level travel time spent in this place.
 D = Time resting spent in this place.
 E = Time spent auto-exploring this place.
 F = Levels seen in this place.
 G = Mean time per level.
                   A        B        C        D        E       F      G
               +--------+--------+--------+--------+--------+-----+--------+
         Total |  37652 |  34192 |   3460 |  11130 |  17528 |  29 | 1298.3 |
       Dungeon |  21445 |  19541 |   1904 |   5988 |  10325 |  14 | 1531.8 |
        Temple |    223 |    175 |     48 |      0 |    171 |   1 |  223.0 |
          Lair |   7719 |   6679 |   1040 |   2005 |   3854 |   5 | 1543.8 |
         Swamp |   1057 |   1043 |     14 |    404 |    465 |   2 |  528.5 |
     Snake Pit |   4985 |   4696 |    289 |   2270 |   1752 |   4 | 1246.2 |
  Orcish Mines |   2035 |   1871 |    164 |    463 |    901 |   2 | 1017.5 |
        Bazaar |    186 |    186 |      0 |      0 |     59 |   1 |  186.0 |
               +--------+--------+--------+--------+--------+-----+--------+

Top non-repeatable levels by time:
     D:7: 3036 daAuts
    D:14: 2473 daAuts
     D:8: 2164 daAuts
  Lair:2: 2151 daAuts
 Snake:3: 2030 daAuts
    D:13: 2003 daAuts
    D:11: 1753 daAuts
 Snake:2: 1637 daAuts
     D:5: 1625 daAuts
  Lair:5: 1525 daAuts
  Lair:3: 1506 daAuts
     D:6: 1480 daAuts
    D:10: 1436 daAuts
  Lair:1: 1428 daAuts
    D:12: 1309 daAuts
